 Dungeon Sprint DCSS version 0.28.0-53-g5a82cb258f (webtiles) character file.

Game seed: 12711934584043973617

3300000 Zeld the Conqueror (level 20, -49/181 HPs)
             Began as a Djinni Monk on May 27, 2022.
             Was the Champion of Makhleb.
             Annihilated by a meat berserker
             ... wielding a +9 battleaxe
              (62 damage)
             ... in the Dungeon (Sprint VIII: "Arena of Blood").
             The game lasted 00:01:02 (33 turns).

Zeld the Conqueror (Djinni Monk)                      Turns: 33, Time: 00:01:02

Health: -49/181    AC:  2    Str: 16    XL:     20   Next: 31%
Gold:   0          EV: 30    Int: 13    God:    Makhleb [******] SH:  0 Dex: 18

rFire   + + .      SeeInvis .   g - +∞ Axe of Woe
rCold   x . .      Faith    .   (shield currently unavailable)
rNeg    . . .      Spirit   .   a - +0 robe
rPois   ∞          Reflect  .   (no helmet)
rElec   .          Harm     .   (no cloak)
rCorr   .          Rampage  .   (no gloves)
Will    ++...      NoTele   +   (boots unavailable)
Stlth   +++.......              (no amulet)
HPRegen 0.40/turn               (no ring)
MPRegen 0.00/turn               (no ring)

@: flying
A: sickness immunity, fire resistance 2, cold vulnerability 1, float, innate
caster, HP casting, extra vitality 1
a: Renounce Religion, Minor Destruction, Lesser Servant of Makhleb, Major
Destruction, Greater Servant of Makhleb


You were in the Dungeon.
You worshipped Makhleb.
Makhleb was exalted by your worship.
You visited 1 branch

Inventory:

Hand Weapons
 g - the +∞ Axe of Woe (weapon)
   (You found it in the Dungeon)
Armour
 a - a +0 robe (worn)
Scrolls
 f - a scroll of blinking
Potions
 b - a potion of curing
 c - a potion of heal wounds
 d - a potion of haste
 e - a potion of berserk rage


   Skills:
 O Level 27 Fighting
 O Level 27 Axes
 O Level 27 Dodging
 - Level 5.8 Stealth
 - Level 16.7 Unarmed Combat
 * Level 25.5 Spellcasting
 O Level 27 Invocations


You had 33 spell levels left.
You knew the following spells:

 Your Spells              Type           Power      Damage    Failure   Level
a - Beastly Appendage     Tmut           100%       N/A       0%          1
b - Poisonous Vapours     Pois/Air       100%       N/A       0%          2
c - Mephitic Cloud        Conj/Pois/Air  70%        N/A       0%          3
d - Vampiric Draining     Necr           70%        2d11      0%          3
e - Cause Fear            Hex            35%        N/A       0%          4
f - Borgnjor's Vile Clut  Necr/Erth      35%        N/A       0%          5
g - Dispersal             Tloc           35%        N/A       0%          6
h - Dragon Form           Tmut           35%        N/A       1%          7
i - Starburst             Conj/Fire      35%        6d10      0%          6
Your spell library was empty.

Dungeon Overview and Level Annotations

Branches:
Dungeon (1/1)

Altars:
Makhleb


Innate Abilities, Weirdness & Mutations

You are immune to sickness and miasma.
You are immune to poison.
Your flesh is very heat resistant. (rF++)
You are vulnerable to cold. (rC-)
You float through the air rather than walking.
You learn spells naturally, not from books.
Your magical power is your life essence.
You have superior vitality. (+4 MHP)


Message History

The fiery explosion engulfs you. You resist.
The sculptor of flesh appears out of thin air!
A sculptor of flesh comes into view. It is wielding a +9 great sword.
You hear a shout! x4
The meat berserker hits the sculptor of flesh with a +9 battleaxe!!
You hear a shout! x3
The eight-headed meat hydra calls on the powers of darkness!
The eight-headed meat hydra convulses!
The bag of meat convulses! x3
The meat berserker convulses!
The bag of meat convulses!
Your body is wracked with pain!
The meat berserker convulses!
The bag of meat convulses!
The meat berserker convulses!
You hear a shout!
Your Spellcasting skill gained 4 levels and is now at level 25!
You have mastered Invocations!
You have reached level 20!
You feel clever.
Unknown command.
Unknown command.
Unknown command.
Unknown command.
You are too injured to fight recklessly!
Unknown command.
Unknown command.
The meat berserker seems less confused.
You hear a shout! x2
The meat berserker rages.
You hear a shout! x2
A bag of meat comes into view. It is wielding a +9 war axe.
You hear a shout!
The meat berserker hits you with a +9 battleaxe!!!
* * * LOW HITPOINT WARNING * * *
You hear a shout!
The bag of meat is engulfed in blazing flames.
The bag of meat hits you with a +9 war axe!
* * * LOW HITPOINT WARNING * * *
You hear a shout!
The bag of meat barely misses you.
You hear a shout!
The meat berserker hits you with a +9 battleaxe!!!
You die...

.. .. .. .. #.
.# #.O ..#
.###Oo ..###.
..V..O###..o...
....Do)_V§.D...
....#.oO).#....
. #_o@O_# O
#.§Oz.#
....._.....
......###......
.###.. ..###.
#.. ..# #.. ..#
.. ..


You could see 2 eight-headed meat hydras, 2 destroyers, a sculptor of flesh, a
large bag of meat (inner flame), 5 meat berserkers and 5 bags of meat.

Vanquished Creatures
  12 ogres (D)
  A two-headed ogre (D)
  11 orcs (D)
24 creatures vanquished.

Notes
Turn   | Place    | Note
-------+----------+-------------------------------------------
     0 | D        | Found the +∞ Axe of Woe
     0 | D        | Zeld the Djinni Monk began the quest for the Orb.
     0 | D        | Reached XP level 1. HP: 20/20 MP: 0/0
     1 | D        | Noticed a meat berserker
     4 | D        | Became a worshipper of Makhleb the Destroyer
     4 | D        | Reached * piety under Makhleb
     4 | D        | Reached ** piety under Makhleb
     5 | D        | Killed a meat berserker
     5 | D        | Noticed a bag of meat
     5 | D        | Noticed a bag of meat
     6 | D        | Reached skill level 5 in Stealth
     6 | D        | Reached XP level 2. HP: 46/46 MP: 0/0
     6 | D        | Reached XP level 3. HP: 51/51 MP: 0/0
     6 | D        | Learned a level 1 spell: Beastly Appendage
     6 | D        | Reached XP level 4. HP: 58/58 MP: 0/0
     6 | D        | Reached XP level 5. HP: 64/64 MP: 0/0
     6 | D        | Learned a level 2 spell: Poisonous Vapours
     6 | D        | Reached XP level 6. HP: 70/70 MP: 0/0
     6 | D        | Reached XP level 7. HP: 76/76 MP: 0/0
     6 | D        | Learned a level 3 spell: Mephitic Cloud
     6 | D        | Reached XP level 8. HP: 82/82 MP: 0/0
     6 | D        | Reached XP level 9. HP: 88/88 MP: 0/0
     6 | D        | Learned a level 3 spell: Vampiric Draining
     6 | D        | Reached XP level 10. HP: 94/94 MP: 0/0
     6 | D        | Reached XP level 11. HP: 100/100 MP: 0/0
     6 | D        | Learned a level 4 spell: Cause Fear
     6 | D        | Reached XP level 12. HP: 106/106 MP: 0/0
     6 | D        | Noticed a bag of meat
     7 | D        | Noticed a bag of meat
     7 | D        | Noticed a bag of meat
     7 | D        | Noticed a bag of meat
     7 | D        | Noticed a meat berserker
     8 | D        | Noticed a bag of meat
     9 | D        | Killed a bag of meat
     9 | D        | Killed a bag of meat
     9 | D        | Noticed a meat berserker
     9 | D        | Noticed a meat berserker
    10 | D        | Reached XP level 13. HP: 117/117 MP: 0/0
    10 | D        | Learned a level 5 spell: Borgnjor's Vile Clutch
    11 | D        | Killed a bag of meat
    11 | D        | Reached *** piety under Makhleb
    12 | D        | Reached XP level 14. HP: 43/125 MP: 0/0
    12 | D        | Killed a meat berserker
    12 | D        | Noticed a meat berserker
    13 | D        | Reached skill level 10 in Axes
    13 | D        | Killed a bag of meat
    13 | D        | Killed a meat berserker
    13 | D        | Reached **** piety under Makhleb
    13 | D        | Killed a meat berserker
    13 | D        | Noticed a meat berserker
    14 | D        | Reached skill level 15 in Invocations
    14 | D        | Reached XP level 15. HP: 42/139 MP: 0/0
    14 | D        | Learned a level 6 spell: Dispersal
    14 | D        | Reached XP level 16. HP: 44/145 MP: 0/0
    14 | D        | Noticed a meat berserker
    17 | D        | Reached skill level 15 in Axes
    17 | D        | Reached ***** piety under Makhleb
    17 | D        | Killed a meat berserker
    17 | D        | Noticed a meat berserker
    18 | D        | Reached XP level 17. HP: 113/156 MP: 0/0
    18 | D        | Learned a level 7 spell: Dragon Form
    18 | D        | Killed a meat berserker
    18 | D        | Killed a meat berserker
    18 | D        | Noticed a meat berserker
    19 | D        | Reached skill level 15 in Spellcasting
    19 | D        | Noticed a large bag of meat
    19 | D        | Noticed a large bag of meat
    21 | D        | Noticed a meat berserker
    21 | D        | Noticed a meat berserker
    22 | D        | Reached skill level 27 in Fighting
    22 | D        | Reached XP level 18. HP: 167/167 MP: 0/0
    22 | D        | Noticed a large bag of meat
    23 | D        | Noticed a destroyer
    23 | D        | Noticed a meat berserker
    25 | D        | Killed a meat berserker
    25 | D        | Noticed a meat berserker
    26 | D        | Reached skill level 27 in Dodging
    26 | D        | Killed a meat berserker
    26 | D        | Reached ****** piety under Makhleb
    26 | D        | Killed a meat berserker
    26 | D        | Noticed an eight-headed meat hydra
    26 | D        | Noticed a destroyer
    27 | D        | Reached skill level 27 in Axes
    27 | D        | Reached XP level 19. HP: 174/174 MP: 0/0
    27 | D        | Learned a level 6 spell: Starburst
    28 | D        | Noticed a meat berserker
    28 | D        | Noticed a meat berserker
    29 | D        | Killed a meat berserker
    29 | D        | Noticed an eight-headed meat hydra
    29 | D        | Noticed a meat berserker
    30 | D        | Noticed a large bag of meat
    31 | D        | Noticed a meat berserker
    31 | D        | Killed a large bag of meat
    31 | D        | Killed a meat berserker
    32 | D        | Reached skill level 27 in Invocations
    32 | D        | Reached XP level 20. HP: 90/181 MP: 0/0
    33 | D        | Annihilated by a meat berserker

Illustrated notes

Levels and vault maps discovered:
D:        meatsprint

Skill      XL: |  1  2  3  4  5  6  7  8  9 10 11 12 13 14 15 16 17 18 19 |
---------------+----------------------------------------------------------+-----
Fighting       | 17 19 20 23 25 27 | 27.0
Axes           | 3 7 8 14 18 21 27 | 27.0
Dodging        | 18 20 21 24 25 26 27 | 27.0
Stealth        | 5 |  5.8
Unarmed Combat | 16 | 16.7
Spellcasting   | 6 7 12 14 16 19 25 | 25.5
Invocations    | 8 9 15 18 20 23 27 | 27.0

Action                   |  1- 3 |  4- 6 |  7- 9 | 10-12 | 13-15 | 16-18 | 19-21 || total
-------------------------+-------+-------+-------+-------+-------+-------+-------++-------
Melee: Executioner's axe |     1 |       |       |     1 |     3 |     6 |     3 ||    14
 Cast: Cause Fear        |       |       |       |       |     1 |       |       ||     1
       Mephitic Cloud    |       |       |       |       |       |     1 |       ||     1
       Dispersal         |       |       |       |       |       |     2 |     2 ||     4
Dodge: Dodged            |       |       |       |       |       |       |     1 ||     1
